 Dungeon Crawl Stone Soup version 0.29-a0-284-gf9362112df (webtiles) character file.

Game seed: 13676552517986021286

198 GigaChad the Ducker (level 5, -3/49 HPs)
             Began as a Troll Warper on Mar 30, 2022.
             Slain by an orc
             ... wielding the +7 staff of the Meek {protect, meekguard}
              (6 damage)
             ... on level 4 of the Dungeon.
             The game lasted 00:36:04 (3327 turns).

GigaChad the Ducker (Troll Warper)                  Turns: 3327, Time: 00:36:05

Health: -3/49      AC:  4    Str: 25    XL:     5   Next: 47%
Magic:  6/6        EV: 10    Int: 11    God:
Gold:   252        SH:  0    Dex: 11    Spells: 7/7 levels left

rFire   . . .      SeeInvis .   C - +2 war axe "Itufy" {vorpal, rC+ Str+6 Dex+2}
rCold   + + .      Faith    .   u - orb {guile}
rNeg    . . .      Spirit   .   b - +0 robe
rPois   .          Reflect  .   (helmet restricted)
rElec   .          Harm     .   (no cloak)
rCorr   .          Rampage  .   (gloves unavailable)
Will    .....                   (boots unavailable)
Stlth   +.........              (no amulet)
HPRegen 0.96/turn               B - ring of protection from cold
MPRegen 0.10/turn               (no ring)

@: lethally poisoned (-3 -> -5)
A: large, unfitting armour, claws 3, regeneration 1, shaggy fur 1, tough skin 1
a: no special abilities


You were on level 4 of the Dungeon.
You visited 1 branch of the dungeon, and saw 4 of its levels.

You collected 252 gold pieces.

Inventory:

Hand Weapons
 a - a +3 falchion
 i - a +0 mace
 j - a +0 hand axe
 o - a +0 quarterstaff
 A - a +0 giant spiked club
 C - the +2 war axe "Itufy" (weapon) {vorpal, rC+ Str+6 Dex+2}
   (You found it on level 4 of the Dungeon)

   It inflicts extra damage upon your enemies.
   Str:       It affects your strength (+6).
   Dex:       It affects your dexterity (+2).
   rC:        It protects you from cold.
Missiles
 d - 7 boomerangs of dispersal (quivered)
 n - 3 javelins
 w - 7 poisoned darts
 z - 3 boomerangs
Armour
 b - a +0 robe (worn)
 e - a +0 ring mail
 g - a +0 cloak
 h - a +0 scale mail
 l - a +0 chain mail
 m - a +0 barding
 u - an orb of guile (worn)
 v - a +0 leather armour
Magical Staves
 f - a staff of death
Jewellery
 B - a ring of protection from cold (left claw)
Wands
 y - a wand of polymorph (7)
Scrolls
 c - a scroll of blinking
Potions
 k - a potion of magic {unknown}
 p - 2 potions of degeneration
 q - a potion of brilliance {unknown}
 r - a potion of haste
 t - a potion of lignification {unknown}
 x - 2 potions of curing {unknown}


   Skills:
 + Level 2.3 Fighting
 + Level 2.8 Long Blades
 + Level 0.5 Staves
 + Level 0.8 Throwing
 + Level 2.8 Dodging
 + Level 0.3 Stealth
 * Level 1.7 Spellcasting
 + Level 2.6 Translocations


You had 7 spell levels left.
You didn't know any spells.
Your spell library contained the following spells:

 Spells                   Type           Power      Damage    Failure   Level
 Blink                    Tloc           12%        N/A       16%         2
 Gell's Gravitas          Tloc           6%         N/A       30%         3
 Lesser Beckoning         Tloc           6%         N/A       30%         3
 Teleport Other           Tloc           6%         N/A       30%         3
 Manifold Assault         Tloc           6%         N/A       96%         5


Dungeon Overview and Level Annotations

Branches:
Dungeon (4/15)
 Temple: D:4-7

Altars:


Innate Abilities, Weirdness & Mutations

You are too large for most types of armour.
You have claws for hands.
Your natural rate of healing is unusually fast.
You are covered in fur. (AC +1)
You have tough skin. (AC +1)


Message History

The kobold barely misses you.
You miss the kobold. The kobold closely misses you.
The kobold hits you but does no damage.
You closely miss the kobold. The kobold hits you with a +0 dagger.
You hit the kobold but do no damage. The kobold hits you with a +0 dagger.
The kobold barely misses you.
You closely miss the kobold. The kobold barely misses you.
You slash the kobold!
You kill the kobold!
Things that are here:
a +0 dagger; a kobold corpse The orc hits you with the +7 staff of the Meek {protect, meekguard}!
The orc attacks as you move away!
The orc hits you with the +7 staff of the Meek {protect, meekguard}.
The orc attacks as you move away! The orc barely misses you.
The orc attacks as you move away!
The orc hits you with the +7 staff of the Meek {protect, meekguard}!
A kobold comes into view.
It is wielding a +0 short sword and quivering poisoned darts.
The kobold shouts!
The orc attacks as you move away! The orc closely misses you.
The kobold throws a poisoned dart.
The poisoned dart barely misses you.
The orc hits you with the +7 staff of the Meek {protect, meekguard}.
The kobold throws a poisoned dart.
The poisoned dart hits you!
You are poisoned.
The orc attacks as you move away! The orc barely misses you.
You feel sick.
You feel sick.
You feel sick.
The orc hits you with the +7 staff of the Meek {protect, meekguard}!
* * * LOW HITPOINT WARNING * * *
The kobold throws a poisoned dart.
The poisoned dart hits you!
You are more poisoned.
You feel very sick.
The orc hits you with the +7 staff of the Meek {protect, meekguard}.
* * * LOW HITPOINT WARNING * * *
You see here a +0 club.
You barely miss the orc.
* * * LOW HITPOINT WARNING * * *
You feel very sick.
The orc hits you with the +7 staff of the Meek {protect, meekguard}.
You die...

#... #######....#....
##..###...............
#######.....#..............#
##....###...................#
##......##...................# .
##..#...###...K...............#
..#.. #..###..................###
.....##.>###............<...#..##
..........#..#..@o..........##...
.............#.......##...#####..
..................##.###.## #..
..................##....... #.#
..................###...##.. #..
......##.......[..# ....# #.# ###
.....#.##.........# ....# .#
..... .............. ##.. # .....
.........##....


You could see an orc and a kobold.

Vanquished Creatures
  A necrophage (D:4)
  4 adders
  2 river rats (D:3)
  3 worms
  2 dart slugs
  6 orcs (D:3)
  5 endoplasms
  A giant cockroach (D:1)
  5 goblins
  6 hobgoblins
  2 quokkas
  10 ball pythons
  3 bats
  3 frilled lizards
  5 kobolds
  5 rats
63 creatures vanquished.

Vanquished Creatures (others)
  A frilled lizard (D:2)
  5 toadstools (D:1)
6 creatures vanquished.

Grand Total: 69 creatures vanquished

Notes
Turn   | Place    | Note
-------+----------+-------------------------------------------
     0 | D:1      | GigaChad the Troll Warper began the quest for the Orb.
     0 | D:1      | Reached XP level 1. HP: 19/19 MP: 1/1
   193 | D:1      | Reached XP level 2. HP: 27/27 MP: 2/2
  1180 | D:2      | Reached XP level 3. HP: 35/35 MP: 4/4
  1910 | D:3      | Reached XP level 4. HP: 42/42 MP: 5/5
  3173 | D:4      | Identified the +2 war axe "Itufy" {vorpal, rC+ Str+6 Dex+2}
  3211 | D:4      | Noticed a necrophage
  3220 | D:4      | Killed a necrophage
  3221 | D:4      | Reached XP level 5. HP: 43/49 MP: 6/6
  3327 | D:4      | Slain by an orc

Illustrated notes

Levels and vault maps discovered:
D:1:      erik_arrival_blinker_ship, layout_basic, serial_aquarium,
          aquarium_bridge_square [aquarium_subvault_bridge,
          aquarium_subvault_bridge, aquarium_subvault_bridge,
          aquarium_subvault_bridge], aquarium_bridge_straight
          [aquarium_subvault_bridge, aquarium_subvault_wall,
          aquarium_subvault_bridge, aquarium_subvault_window],
          aquarium_window_fake, aquarium_window_1, aquarium_window_fake,
          aquarium_view_2e, aquarium_view_2d, aquarium_balcony_3a,
          minmay_gold_behind_fungi, kennysheep_pointless_box,
          chequers_serial_rivers_small_a
D:2:      layout_basic, kennysheep_decorative_pillar
D:3:      layout_loops_corners, lightli_sewer_entry_pipes, st_stairs_2,
          kennysheep_generic_room_6
D:4:      layout_cave_pools, lemuel_coloured_pillars_altar,
          minmay_temple_entry_poolview, minmay_misc_feat_ornament

Skill      XL: |  1  2  3  4 |
---------------+-------------+-----
Dodging        | 2 |  2.8
Long Blades    | 2 |  2.8
Fighting       | 2 |  2.3
Staves         | |  0.5
Throwing       | |  0.8
Stealth        | |  0.3
Spellcasting   | |  1.7
Translocations | |  2.6

Action                   |  1- 3 |  4- 6 || total
-------------------------+-------+-------++-------
Melee: Falchion          |   109 |    75 ||   184
       Staff             |    51 |       ||    51
       Punch             |     1 |     2 ||     3
       War axe           |       |    11 ||    11
  Use: Scroll            |    11 |     4 ||    15
       Potion            |     1 |       ||     1
 Stab: Distracted        |       |     1 ||     1
       Sleeping          |       |     1 ||     1
Armor: Robe              |    70 |    23 ||    93
Dodge: Dodged            |    97 |    63 ||   160

Table legend: (Time is in decaauts)
 A = Elapsed time spent in this place.
 B = Non-inter-level travel time spent in this place.
 C = Inter-level travel time spent in this place.
 D = Time resting spent in this place.
 E = Time spent auto-exploring this place.
 F = Levels seen in this place.
 G = Mean time per level.
                   A        B        C        D        E       F      G
               +--------+--------+--------+--------+--------+-----+--------+
         Total |   3378 |   3257 |    121 |      0 |     41 |   4 |  844.5 |
       Dungeon |   3378 |   3257 |    121 |      0 |     41 |   4 |  844.5 |
               +--------+--------+--------+--------+--------+-----+--------+

Top non-repeatable levels by time:
     D:3: 1365 daAuts
     D:1: 1184 daAuts
     D:2: 653 daAuts
     D:4: 174 daAuts
